 Dungeon Crawl Stone Soup version 0.28-a0-906-g0406aca7d3 (webtiles) character file.

Game seed: 10276791331975425849

784 timneilson the Covered (level 7, -8/44 HPs)
             Began as a Gargoyle Fighter on Nov 23, 2021.
             Splashed by a jelly's acid (9 damage)
             ... on level 5 of the Dungeon.
             The game lasted 00:07:08 (4096 turns).

timneilson the Covered (Gargoyle Fighter)           Turns: 4096, Time: 00:07:09

Health: -8/44      AC:  1    Str: 21    XL:     7   Next: 86%
Magic:  7/7        EV: 14    Int:  9    God:
Gold:   474        SH:  5    Dex:  9    Spells: 6/6 levels left

rFire   . . .      SeeInvis .   a - +0 long sword
rCold   . . .      Faith    .   c - +0 buckler
rNeg    + . .      Spirit   .   b - +0 scale mail
rPois   ∞          Reflect  .   k - +2 helmet
rElec   +          Harm     .   h - +1 cloak
rCorr   .          Rampage  .   (no gloves)
Will    .....                   (no boots)
Stlth   ..........              (no amulet)
HPRegen 0.14/turn               e - +4 ring of evasion
MPRegen 0.10/turn               (no ring)

@: corroded, hasted, very quick
A: sickness immunity, AC +4, negative energy resistance 1, electricity
resistance, torment resistance 1, petrification resistance
a: no special abilities


You were on level 5 of the Dungeon.
You visited 1 branch of the dungeon, and saw 5 of its levels.

You collected 474 gold pieces.

Inventory:

Hand Weapons
 a - a +0 long sword (weapon)
Armour
 b - a +0 scale mail (worn)
 c - a +0 buckler (worn)
 h - a +1 cloak (worn)
 k - a +2 helmet (worn)
Jewellery
 e - a +4 ring of evasion (left hand)
Wands
 m - a wand of mindburst (14)
 n - a wand of acid (12)
Scrolls
 g - 3 scrolls of teleportation
Potions
 d - a potion of might
 f - 4 potions of curing
 i - a potion of attraction
 l - a potion of berserk rage {unknown}
 q - a potion of magic {unknown}


   Skills:
 + Level 4.4 Fighting
 * Level 4.1 Long Blades
 * Level 5.6 Armour
 + Level 2.0 Dodging
 * Level 5.5 Shields
 + Level 1.2 Evocations


You had 6 spell levels left.
You didn't know any spells.
Your spell library contained the following spells:

 Spells                   Type           Power      Damage    Failure   Level
 Slow                     Hex            0%         N/A       71%         1
 Confusing Touch          Hex            0%         N/A       97%         3
 Yara's Violent Unravell  Hex/Tmut       0%         3d3       100%        5


Dungeon Overview and Level Annotations

Branches:
Dungeon (5/15)
 Temple: D:4-7

Altars:
Elyvilon

Shops:
D:1 [[(?


Innate Abilities, Weirdness & Mutations

You are immune to sickness and miasma.
Your stone body is resilient. (AC +4)
You are immune to poison.
You resist negative energy. (rN+)
You are resistant to electric shocks. (rElec)
You are resistant to unholy torment.
You are immune to petrification.


Message History

The adder is heavily wounded.
You block the adder's attack. x2
You closely miss the adder.
The adder is heavily wounded.
You block the adder's attack.
You slash the adder!
You kill the adder!
You see here a +0 club.
g - 3 scrolls of teleportation (gained 1)
You now have 474 gold pieces (gained 16).
A jelly comes into view.
The jelly quivers.
You hit the jelly but do no damage. The acid corrodes you!
Your hands burn!
The jelly hits you but does no damage. The jelly closely misses you.
You hit the jelly. The acid corrodes you!
Your hands burn!
The jelly is moderately wounded.
The jelly barely misses you.
You hit the jelly but do no damage.
Your hands burn!
The jelly is moderately wounded.
The jelly hits you. The acid corrodes you!
You are splashed with acid!
You hit the jelly but do no damage.
Your hands burn!
The jelly is moderately wounded.
The jelly closely misses you.
You hit the jelly but do no damage.
Your hands burn!
The jelly is moderately wounded.
The jelly closely misses you.
You hit the jelly.
Your hands burn!
The jelly is severely wounded.
The jelly misses you. The jelly hits you but does no damage.
You hit the jelly but do no damage.
Your hands burn!
* * * LOW HITPOINT WARNING * * *
The jelly is severely wounded.
The jelly hits you.
* * * LOW HITPOINT WARNING * * *
The acid corrodes you!
You are splashed with acid!
* * * LOW HITPOINT WARNING * * *
You feel yourself speed up. The jelly hits you.
* * * LOW HITPOINT WARNING * * *
The acid corrodes you!
You are splashed with acid!
You die...

####...##
+.......#
####...###
#.......#
#.##.##.#
#.##.##.#
#.##..# #
#.###.#
#.# #@#
#....J..#
#####.###
#.# #.#
#.# ..#
###


You could see a jelly.

Vanquished Creatures
  Sigmund (D:2)
  A necrophage (D:4)
  An ogre (D:4)
  A water moccasin skeleton (D:4)
  A hound (D:5)
  3 orc priests
  2 iguanas (D:4)
  A killer bee zombie (D:4)
  7 gnolls (D:4)
  7 adders
  3 worms (D:2)
  2 dart slugs
  13 orcs
  4 endoplasms
  4 giant cockroaches
  7 goblins
  4 hobgoblins
  5 ball pythons
  7 bats
  2 frilled lizards (D:1)
  9 kobolds
  7 rats
92 creatures vanquished.

Notes
Turn   | Place    | Note
-------+----------+-------------------------------------------
     0 | D:1      | timneilson the Gargoyle Fighter began the quest for the
                  | Orb.
     0 | D:1      | Reached XP level 1. HP: 14/14 MP: 1/1
   105 | D:1      | Reached XP level 2. HP: 18/19 MP: 2/2
   139 | D:1      | Found Uxzaxka's Armour Shoppe.
   536 | D:1      | Found Quhycwafi's Magic Scroll Shop.
   560 | D:1      | Reached XP level 3. HP: 23/23 MP: 3/3
   759 | D:1      | Found Jemeddag's Antique Armour Emporium.
   823 | D:1      | Found a faded altar of an unknown god.
   861 | D:1      | Found Xoumen's Weapon Boutique.
  1065 | D:2      | Reached XP level 4. HP: 14/28 MP: 4/4
  1553 | D:2      | Noticed Sigmund
  1560 | D:2      | Killed Sigmund
  1561 | D:2      | Reached skill level 1 in Dodging
  1561 | D:2      | Reached XP level 5. HP: 29/33 MP: 5/5
  1561 | D:2      | Reached XP level 6. HP: 33/38 MP: 6/6
  2806 | D:4      | Reached skill level 5 in Armour
  2818 | D:4      | Found a white marble altar of Elyvilon.
  3006 | D:4      | Reached skill level 5 in Shields
  3050 | D:4      | Noticed a necrophage
  3065 | D:4      | Killed a necrophage
  3066 | D:4      | Reached XP level 7. HP: 31/43 MP: 7/7
  3717 | D:4      | Reached skill level 1 in Evocations
  3983 | D:4      | Identified a scroll of acquirement
  3984 | D:4      | Acquired 286 gold pieces
  4031 | D:5      | Entered Level 5 of the Dungeon
  4096 | D:5      | HP: 1/44 [jelly (2)]
  4096 | D:5      | Splashed by a jelly's acid

Illustrated notes

Levels and vault maps discovered:
D:1:      dpeg_arrival_radiant, layout_basic, shapermc_ecumenical_altar_pompeii,
          serial_rivers, chequers_serial_rivers_small_b,
          chequers_serial_rivers_marsh, chequers_serial_rivers_micro_a,
          chequers_serial_rivers_micro_c, serial_shops, shop,
          nicolae_shop_bloodbath_and_beyond,
          nicolae_shop_temple_entry_statues_fountains, shop,
          corexii_item_surrounded_by_moat, chequers_serial_rivers_micro_a,
          st_stairs_9
D:2:      layout_basic, uniq_sigmund
D:3:      layout_basic
D:4:      layout_gridville, elyvilon_altar_3
D:5:      cheibrodos_quashed, layout_loops_corners

Skill      XL: |  1  2  3  4  5  6  7 |
---------------+----------------------+-----
Long Blades    | 2 3 4 |  4.1
Armour         | 4 5 |  5.6
Dodging        | 1 2 |  2.0
Shields        | 4 5 |  5.5
Fighting       | 4 |  4.4
Evocations     | 1 |  1.2

Action                   |  1- 3 |  4- 6 |  7- 9 || total
-------------------------+-------+-------+-------++-------
Melee: Long sword        |   140 |   138 |   108 ||   386
  Use: Scroll            |     3 |     3 |     2 ||     8
       Potion            |       |     1 |     2 ||     3
Armor: Scale mail        |    79 |    62 |    44 ||   185
Dodge: Dodged            |    97 |    75 |    91 ||   263
Block: Buckler           |    24 |    24 |    25 ||    73

Table legend: (Time is in decaauts)
 A = Elapsed time spent in this place.
 B = Non-inter-level travel time spent in this place.
 C = Inter-level travel time spent in this place.
 D = Time resting spent in this place.
 E = Time spent auto-exploring this place.
 F = Levels seen in this place.
 G = Mean time per level.
                   A        B        C        D        E       F      G
               +--------+--------+--------+--------+--------+-----+--------+
         Total |   4201 |   4114 |     87 |    517 |   2633 |   5 |  840.2 |
       Dungeon |   4201 |   4114 |     87 |    517 |   2633 |   5 |  840.2 |
               +--------+--------+--------+--------+--------+-----+--------+

Top non-repeatable levels by time:
     D:4: 1281 daAuts
     D:1: 1013 daAuts
     D:2: 959 daAuts
     D:3: 875 daAuts
     D:5: 71 daAuts
